 Dungeon Crawl Stone Soup version 0.28-a0-1429-gf3d713df7a (webtiles) character file.

Game seed: 9712509870904817631

21 anonymouscript the Sneak (level 3, -1/21 HPs)
             Began as a Kobold Brigand on Jan 9, 2022.
             Was an Initiate of Dithmenos.
             Slain by a jackal (3 damage)
             ... on level 2 of the Dungeon.
             The game lasted 00:03:38 (1039 turns).

anonymouscript the Sneak (Kobold Brigand)           Turns: 1039, Time: 00:03:38

Health: -1/21      AC:  3    Str:  8    XL:     3   Next: 2%
Magic:  3/3        EV: 14    Int: 12    God:    Dithmenos [......]
Gold:   10         SH:  0    Dex: 18    Spells: 2/2 levels left

rFire   . . .      SeeInvis .   a - +2 dagger
rCold   . . .      Faith    .   (no shield)
rNeg    . . .      Spirit   .   b - +0 robe
rPois   .          Reflect  .   (no helmet)
rElec   .          Harm     .   c - +0 cloak
rCorr   .          Rampage  .   (no gloves)
Will    .....                   (no boots)
Stlth   ++++......              (no amulet)
HPRegen 0.07/turn               (no ring)
MPRegen 0.08/turn               (no ring)

@: no status effects
A: small, no large weapons, nightstalker 3
a: Renounce Religion


You were on level 2 of the Dungeon.
You worshipped Dithmenos.
Dithmenos was noncommittal.
You visited 1 branch of the dungeon, and saw 3 of its levels.

You collected 10 gold pieces.

Inventory:

Hand Weapons
 a - a +2 dagger (weapon)
Missiles
 d - 20 poisoned darts (quivered)
 e - 2 curare-tipped darts
Armour
 b - a +0 robe (worn)
 c - a +0 cloak (worn)
Scrolls
 f - a scroll of enchant weapon {unknown}
 h - a scroll of amnesia {unknown}
Potions
 g - a potion of berserk rage {unknown}
 i - a potion of invisibility {unknown}


   Skills:
 + Level 2.2 Fighting
 + Level 2.8 Short Blades
 + Level 2.3 Throwing
 * Level 1.4 Dodging
 + Level 6.2 Stealth


You had 2 spell levels left.
You didn't know any spells.
Your spell library was empty.

Dungeon Overview and Level Annotations

Branches:
Dungeon (3/15)

Altars:
Dithmenos


Innate Abilities, Weirdness & Mutations

You are small and have problems with some larger weapons.
You are completely attuned to the shadows.


Message History

The jackal bites you but does no damage.
The jackal bites you. The jackal barely misses you. x2
You closely miss the jackal. You punch the jackal.
The jackal is heavily wounded.
The jackal bites you. The jackal barely misses you.
The jackal bites you but does no damage.
You closely miss the jackal.
The jackal is heavily wounded.
The jackal misses you.
The jackal bites you but does no damage.
The jackal closely misses you. x2
You hit the jackal.
The jackal is severely wounded.
The jackal bites you. The jackal barely misses you. The jackal misses you.
The jackal bites you but does no damage.
You hit the jackal but do no damage.
The jackal is severely wounded.
The jackal barely misses you. x2; The jackal completely misses you.
You hit the jackal.
The jackal is almost dead.
The jackal bites you but does no damage. x2
The jackal closely misses you. The jackal bites you.
* * * LOW HITPOINT WARNING * * *
The jackal misses you. x2
The jackal bites you but does no damage.
The jackal bites you.
* * * LOW HITPOINT WARNING * * *
The jackal bites you but does no damage.
You climb upwards.
There is a stone staircase leading down, spattered with blood here.
You see here a +0 dagger.
You closely miss the jackal.
The jackal is almost dead.
The jackal bites you.
* * * LOW HITPOINT WARNING * * *
The jackal closely misses you. x2
You barely miss the jackal.
The jackal is almost dead.
The jackal misses you. The jackal bites you.
You die...

.# #.#####.#####.#
.# #.#####.# #.# ##
#.......# #.#
####.....### #.##
...).<...#######..#
#.##.....##.......#
#.##.....##.####..#
#.######### ####.h#
#.# #.#..h@.# #.#
#.#.##h## ..#######
#.#.##.#
##......###......#
..............####
##..._...######
##......# #.....##
#######


You could see 3 jackals.

Vanquished Creatures
  An adder (D:2)
  3 orcs (D:2)
  A hobgoblin (D:2)
  A ball python (D:3)
  A bat (D:1)
  2 frilled lizards
  A kobold (D:3)
  A rat (D:2)
11 creatures vanquished.

Notes
Turn   | Place    | Note
-------+----------+-------------------------------------------
     0 | D:1      | anonymouscript the Kobold Brigand began the quest for the
                  | Orb.
     0 | D:1      | Reached XP level 1. HP: 12/12 MP: 1/1
   137 | D:2      | Reached XP level 2. HP: 10/17 MP: 2/2
   340 | D:2      | Found a shadowy altar of Dithmenos.
   346 | D:2      | Became a worshipper of Dithmenos the Shadowed
   367 | D:3      | Reached skill level 6 in Stealth
  1015 | D:3      | Reached XP level 3. HP: 17/21 MP: 3/3
  1039 | D:2      | Slain by a jackal

Illustrated notes

Levels and vault maps discovered:
D:1:      wander_arrival_peaceful_grave, layout_loops_ring, serial_shops, shop,
          chequers_ecumenical_altar_twisty
D:2:      layout_loops_cross, basic_altar, uniq_natasha, uniq_sigmund
D:3:      layout_loops_cross

Skill      XL: |  1  2 |
---------------+-------+-----
Stealth        | 6 |  6.2
Fighting       | |  2.2
Short Blades   | |  2.8
Throwing       | |  2.3
Dodging        | |  1.4

Action                   || total
-------------------------++-------
Melee: Dagger            ||    76
       Punch             ||     2
 Stab: Sleeping          ||     2
Armor: Robe              ||    21
Dodge: Dodged            ||    69

Table legend: (Time is in decaauts)
 A = Elapsed time spent in this place.
 B = Non-inter-level travel time spent in this place.
 C = Inter-level travel time spent in this place.
 D = Time resting spent in this place.
 E = Time spent auto-exploring this place.
 F = Levels seen in this place.
 G = Mean time per level.
                   A        B        C        D        E       F      G
               +--------+--------+--------+--------+--------+-----+--------+
         Total |   1033 |   1033 |      0 |    567 |    188 |   3 |  344.3 |
       Dungeon |   1033 |   1033 |      0 |    567 |    188 |   3 |  344.3 |
               +--------+--------+--------+--------+--------+-----+--------+

Top non-repeatable levels by time:
     D:2: 899 daAuts
     D:1: 90 daAuts
     D:3: 43 daAuts
